[Event "Live Chess"]
[Site "Chess.com"]
[Date "2023.05.21"]
[Round "-"]
[White "SupremeTactician"]
[Black "NomisY"]
[Result "1-0"]
[WhiteElo "2226"]
[BlackElo "1552"]
[TimeControl "300"]
[EndTime "4:35:31 PDT"]
[Termination "SupremeTactician won by resignation"]

1. e4 c6 2. d4 d5 3. Nc3 dxe4 4.
Nxe4 Bf5 5. Nc5 b6 6. Nb3 e6 7. Nf3 h6 8. Bd3 Bxd3 9. Qxd3 Nf6 10. O-O Be7 11. c3 O-O 12. Bf4 Nbd7 13. Rad1 c5 14. dxc5 Nxc5 15. Nxc5 Bxc5 16. Qe2 Qe7 17. Ne5 Qb7 18.
b4 Be7 19. Rd3 Rad8 20. Rg3 Qe4 21. Qxe4 Nxe4 22. Re3 Nf6 23. Nc6 Nd5 24. Nxd8 Nxe3 25. Nc6 Nd5 26. Nxe7+ Nxe7 27. Bd6 Re8 28. Bxe7 Rxe7 29.
Rd1 Rc7 30. Rd3 Kf8 31. Kf1 Ke7 32. Ke2 e5 33. Ke3 f5 34. f3 Rd7 35. a4 g5 36. g4 Rxd3+ 37. Kxd3 fxg4 38. fxg4 Ke6 39. Ke4 Kd6 40. c4 Ke6 41. c5 bxc5 42. bxc5 a5 43.
h3 Kd7 44. Kxe5 Kc6 45. Kd4 Kd7 46. Kd5 Kc7 47. c6 Kc8 48. Kd6 Kd8 49. c7+ Kc8 50. Kc6 1-0

[Event "Live Chess"]
[Site "Chess.com"]
[Date "2023.05.21"]
[Round "-"]
[White "Conradical12"]
[Black "jumush"]
[Result "1/2-1/2"]
[WhiteElo "1572"]
[BlackElo "1773"]
[TimeControl "300"]
[EndTime "4:35:38 PDT"]
[Termination "Game drawn by repetition"]

1. e4 d5 2. exd5 Qxd5 3. Nc3 Qa5 4. b4 Qxb4 5. Nb5 Na6 6. a3 Qe4+ 7. Be2 c6 8. Nc3 Qxg2 9. Bf3 Qg6 10. Rb1 Qe6+ 11. Nge2 Nf6 12. d3 g6 13. Be3 Bg7 14. h4 h5 15. Qd2 Ng4 16. Bxg4 Qxg4 17. Ne4 Qf3 18. Rg1 Qf5 19. N2g3 Qe6 20. Ng5 Qd6 21. N3e4 Qxa3 22. Qe2 f5 23. Qf3 O-O 24. Rd1 fxe4 25. Qxe4 Nc5 26.
Qxg6 Bf5 27. Qxh5 Qc3+ 28. Kf1 Qxc2 29. Bxc5 Qxc5 30. Ne4 Qe5 31. Qg5 Rad8 32. f4 Qb2 33. Rg2 Bxe4 34. Rxb2 Bxd3+ 35. Kg1 Rd5 36. Qg4 Bf5 37.
Qe2 Rxd1+ 38. Qxd1 Bxb2 39. Qb3+ e6 40. Qxb2 Rf7 41.
Qe5 Rg7+ 42. Kh2 Kh7 43. Qd4 a6 44. Qd8 b5 45. Qb6 Be4 46. Qxa6 Rg2+ 47. Kh3 Bd5 48.
Qb7+ Rg7 49. Qc8 b4 50. Qe8 b3 51. Qh5+ Kg8 52. Qe8+ Kh7 53. Qh5+ Kg8 54. Qe8+ Kh7 1/2-1/2

[Event "Live Chess"]
[Site "Chess.com"]
[Date "2023.05.21"]
[Round "-"]
[White "Biranidun"]
[Black "Ian-Morley"]
[Result "1-0"]
[WhiteElo "2533"]
[BlackElo "1042"]
[TimeControl "300"]
[EndTime "4:35:51 PDT"]
[Termination "Biranidun won by resignation"]

1. e4 e5 2. Nf3 Nc6 3. Bc4 Nf6 4. Ng5 d5 5. exd5 Na5 6. Bb5+ c6 7. dxc6 bxc6 8. Bd3 Bd6 9. O-O h6 10. Ne4 Nxe4 11.
Bxe4 Bd7 12. d4 Nc4 13. dxe5 Bxe5 14. Qe2 Nd6 15. Bxc6 Bxc6 16. Qxe5+ Qe7 17. Qxe7+ Kxe7 18. Nc3 Kd7 19. Re1 Rhe8 20. Bf4 Rxe1+ 21. Rxe1 Kc7 22. Rd1 Rd8 23. Rxd6 Rxd6 24. Bxd6+ Kxd6 25. f3 g6 26. Kf2 f6 27. Ke3 a6 28. Kd4 Ba8 29. Ne4+ Ke6 30. Nc5+ Kd6 31. Nxa6 g5 32. c4 g4 33. c5+ Ke7 34.
fxg4 Bxg2 35. b4 Bh3 36. b5 Bxg4 37. b6 Bc8 38. Nb4 Bb7 39. c6 1-0

[Event "Live Chess"]
[Site "Chess.com"]
[Date "2023.05.21"]
[Round "-"]
[White "Abde2012"]
[Black "Greenbecker"]
[Result "0-1"]
[WhiteElo "752"]
[BlackElo "1685"]
[TimeControl "300"]
[EndTime "4:35:58 PDT"]
[Termination "Greenbecker won by resignation"]

1. d4 d5 2. c4 e6 3. e3 Bb4+ 4. Bd2 Bxd2+ 5. Nxd2 Nf6 6. Ngf3 O-O 7. cxd5 exd5 8. Bb5 c6 9. Bd3 Bg4 10. O-O Nbd7 11. h3 Bh5 12. Be2 Re8 13. Ng5 Bxe2 14. Qxe2 h6 15. Ngf3 Ne4 16. Nxe4 dxe4 17. Ne5 Nxe5 18.
dxe5 Rxe5 19. Qg4 Qg5 20. Qxg5 Rxg5 21. Rad1 Rd5 22. Rxd5 cxd5 23. Rd1 Rd8 24. f4 Kf8 25. b4 Ke7 26. a4 Ke6 27. Kf2 Rc8 28. Kg3 Rc4 29.
Rb1 Rc3 30. Kf2 Ra3 31. a5 Ra2+ 32. Kg3 f5 33. b5 Rxa5 34. b6 a6 35. h4 Rb5 36.
Rxb5 axb5 37. Kf2 Kd6 38. Ke2 Kc6 39. Kd2 Kxb6 40. Kc3 Kc5 41. Kb3 d4 42. exd4+ Kxd4 43. Kb4 e3 44. Kxb5 e2 45. Kb6 e1=Q 46. Kxb7 Qg3 0-1

[Event "Live Chess"]
[Site "Chess.com"]
[Date "2023.05.21"]
[Round "-"]
[White "JanMur7"]
[Black "Nakula1000"]
[Result "0-1"]
[WhiteElo "1973"]
[BlackElo "722"]
[TimeControl "300"]
[EndTime "4:36:02 PDT"]
[Termination "Nakula1000 won by resignation"]

1. e4 e5 2. Nf3 Nc6 3. Nc3 Nf6 4. Nxe5 Nxe5 5. d4 Nc6 6. d5 Bb4 7. d6 Bxc3+ 8. bxc3 O-O 9. Bd3 cxd6 10. O-O Qa5 11. Qf3 Re8 12. Bb2 b6 13. c4 Ne5 14. Qg3 Qc5 15. Kh1 Nh5 16. Qg5 Nxd3 17. Qg4 Nxb2 18. f4 Nf6 19. Qg3 Nxe4 20. Qf3 Nxc4 21. Rae1 Ncd2 22. Qg4 Nf2+ 23. Kg1 Nxg4+ 24. Kh1 Nf2+ 25. Kg1 Nd3+ 26. Kh1 Nxe1 27. h3 Nxf1 0-1

[Event "Live Chess"]
[Site "Chess.com"]
[Date "2023.05.21"]
[Round "-"]
[White "TheSmoulderingMaster"]
[Black "wot-not"]
[Result "1-0"]
[WhiteElo "1633"]
[BlackElo "1552"]
[TimeControl "300"]
[EndTime "4:36:09 PDT"]
[Termination "TheSmoulderingMaster won by resignation"]

1. e4 e6 2. d4 d5 3. Nc3 Nf6 4. Bg5 Bb4 5. e5 h6 6. Bh4 g5 7.
Bg3 Ne4 8. Ne2 c5 9. a3 Bxc3+ 10. Nxc3 Nxc3 11. bxc3 Qa5 12. Qd3 Nc6 13. Be2 cxd4 14. O-O Qxc3 15. Qb5 Qxc2 16. Rac1 Qe4 17. Bf3 Qg6 18.
Rxc6 bxc6 19. Qxc6+ Ke7 20. Qxa8 h5 21. Qxa7+ Kf8 22.
Qc5+ Kg7 23. h4 gxh4 24. Bxh4 Ba6 25. Rc1 Bc4 26. Bf6+ Kh7 27. Bxh8 Kxh8 28. Qf8+ Kh7 29. a4 d3 30. a5 h4 31. Qd6 Qg5 32. Qa3 h3 33. a6 Bxa6 34. Rc7 Bc4 35. Rxf7+ Kh6 36. Qf8+ Kg6 37. Rg7+ 1-0

[Event "Live Chess"]
[Site "Chess.com"]
[Date "2023.05.21"]
[Round "-"]
[White "EdenHazard8"]
[Black "LiamBellwood"]
[Result "1-0"]
[WhiteElo "1934"]
[BlackElo "1892"]
[TimeControl "300"]
[EndTime "4:36:24 PDT"]
[Termination "EdenHazard8 won by resignation"]

1. e4 e6 2. d4 d5 3. Nd2 Nc6 4. Ngf3 e5 5. exd5 Qxd5 6. Bc4 Qd6 7. dxe5 Nxe5 8. O-O Nxf3+ 9. Nxf3 Qxd1 10. Rxd1 Bg4 11. Bf4 Bxf3 12. gxf3 c6 13. Re1+ Be7 14. Re3 Rd8 15. Rae1 Rd4 16. Be5 Rxc4 17. Bxg7 Rxc2 18. Bxh8 1-0

[Event "Live Chess"]
[Site "Chess.com"]
[Date "2023.05.21"]
[Round "-"]
[White "LL220284LL"]
[Black "Twickenham2014"]
[Result "1-0"]
[WhiteElo "2334"]
[BlackElo "2277"]
[TimeControl "300"]
[EndTime "4:36:26 PDT"]
[Termination "LL220284LL won by resignation"]

1. e3 d5 2. b3 c5 3. Bb2 Nc6 4. Nf3 Nf6 5. d4 e6 6. Be2 Be7 7. O-O O-O 8. Nbd2 Re8 9. c4 b6 10. Rc1 Bb7 11. cxd5 exd5 12. Re1 Rc8 13. Rc2 Nb4 14. Rc1 Nxa2 15. Ra1 Nb4 16. Rxa7 Ba8 17. Bb5 Nc6 18. Rxa8 Rxa8 19. Bxc6 Qc7 20. Bxe8 Rxe8 21. dxc5 bxc5 22. e4 d4 23. Nc4 h5 24. b4 Rd8 25.
bxc5 Qxc5 26. Ba3 Qc7 27. Bxe7 Qxe7 28. e5 Ng4 29. h3 Nh6 30. Nd6 Qe6 31. Qxd4 Nf5 32.
Qf4 Ne7 33. Nd4 Qa2 34. e6 f6 35. N4f5 Nxf5 36. Nxf5 Qa5 37. Re3 g5 38. Qc4 Rd1+ 39.
Kh2 Qxf5 40. e7+ Kh7 41. e8=Q 1-0

[Event "Live Chess"]
[Site "Chess.com"]
[Date "2023.05.21"]
[Round "-"]
[White "elephantgerrald"]
[Black "CheckThis4"]
[Result "0-1"]
[WhiteElo "686"]
[BlackElo "2509"]
[TimeControl "300"]
[EndTime "4:36:36 PDT"]
[Termination "CheckThis4 won by checkmate"]

1. e4 d5 2. exd5 Nf6 3. Nc3 Nxd5 4. Nxd5 Qxd5 5. d4 Nc6 6. c3 e5 7. dxe5 Qxd1+ 8. Kxd1 Nxe5 9. Bf4 Bd6 10. Rc1 Bg4+ 11.
f3 Bf5 12. Kd2 O-O-O 13. Rd1 Rhe8 14. Bxe5 Bxe5+ 15. Kc1 Bf4+ 16. Rd2 Re1# 0-1

[Event "Live Chess"]
[Site "Chess.com"]
[Date "2023.05.21"]
[Round "-"]
[White "KeithArkell"]
[Black "ProfPoisson"]
[Result "1-0"]
[WhiteElo "2487"]
[BlackElo "1215"]
[TimeControl "300"]
[EndTime "4:36:49 PDT"]
[Termination "KeithArkell won by resignation"]

1. d4 e6 2. Nf3 f5 3. Bg5 Nf6 4. Nbd2 Be7 5. Bxf6 Bxf6 6. e4 fxe4 7. Nxe4 O-O 8. Bd3 d6 9. Qe2 Nc6 10. c3 e5 11.
Nxf6+ Qxf6 12. dxe5 dxe5 13. Be4 Bd7 14. h3 Rad8 15. O-O Bf5 16. Rfe1 Bxe4 17. Qxe4 Qf4 18. Qxf4 exf4 19. Rad1 Rxd1 20. Rxd1 h6 21. h4 Rd8 22. Re1 Kf7 23. Kh2 Kf6 24. Kh3 Rd6 25. h5 Re6 26. Rxe6+ Kxe6 27. Kg4 Ne5+ 28. Nxe5 Kxe5 29. f3 c5 30. a4 a6 31. a5 c4 32. Kh4 Kf5 33. g4+ fxg3 34. Kxg3 g6 35. hxg6 Kxg6 36. Kf4 Kf6 37. Kg4 Kg6 38. Kf4 Kf6 39. Kg4 Kg6 40. Kh4 Kf5 41. Kh5 Kf4 42. Kxh6 Kxf3 43. Kg5 Ke3 44. Kf5 Kd3 45. Ke5 Kc2 46. Kd5 Kb3 47.
Kc5 Kxb2 48. Kxc4 Ka3 49. Kc5 Ka4 50. Kb6 Kb3 51. Kxb7 Ka4 52. Kxa6 Kb3 53. Kb6 Kxc3 54. a6 Kc4 55. a7 Kb4 56. a8=Q Kc4 57. Qa3 Kd4 58. Qb3 1-0

[Event "Live Chess"]
[Site "Chess.com"]
[Date "2023.05.21"]
[Round "-"]
[White "domrobson"]
[Black "Ferrarifan27"]
[Result "0-1"]
[WhiteElo "1718"]
[BlackElo "2078"]
[TimeControl "300"]
[EndTime "4:36:50 PDT"]
[Termination "Ferrarifan27 won by resignation"]

1. d4 Nf6 2. c4 e6 3. Nf3 b6 4. a3 Bb7 5. Nc3 Be7 6. Bg5 O-O 7.
e3 d6 8. Bd3 Nbd7 9. O-O e5 10.
Qc2 h6 11. Bxf6 Bxf6 12. d5 Re8 13. e4 a5 14. b4 axb4 15. axb4 Qe7 16. Nb5 Nf8 17. c5 bxc5 18. bxc5 dxc5 19. Qc4 Ng6 20. Rfc1 Nf4 21. Bf1 Bg5 22. Rxa8 Rxa8 23. Qxc5 Qxc5 24. Rxc5 Ra1 25. Nc3 Ba6 26. Nd2 Ne2+ 27. Nxe2 Bxe2 28. f4 Bxf4 29. Kf2 Bxf1 30. Nxf1 Ra2+ 31. Kg1 Re2 32. Rxc7 Rxe4 33. d6 Rd4 34. d7 Kh7 35. g3 Bg5 36. Kf2 e4 37. Ke2 Kg6 38. h4 Bd8 39. Rb7 Kf5 40. Ne3+ Ke6 41. g4 Rxd7 42. Rxd7 Kxd7 43. Nf5 g6 44. Nxh6 Bxh4 45. Nxf7 Ke6 46. Nh6 Bg5 47. Ng8 Kf7 0-1

[Event "Live Chess"]
[Site "Chess.com"]
[Date "2023.05.21"]
[Round "-"]
[White "WilliamofOrange16th"]
[Black "CeladonFish"]
[Result "1-0"]
[WhiteElo "1869"]
[BlackElo "1096"]
[TimeControl "300"]
[EndTime "4:36:55 PDT"]
[Termination "WilliamofOrange16th won by resignation"]

1. e4 d6 2. d4 Nf6 3. Nc3 g6 4. f4 Bg7 5. Nf3 O-O 6. Bd3 Bg4 7. Be3 Bxf3 8. Qxf3 Nc6 9. g4 Nd7 10. Qf2 e5 11. d5 Nb4 12. f5 Nxd3+ 13. cxd3 Nc5 14. O-O-O a5 15. Bxc5 dxc5 16. Qxc5 Qd6 17. Qxd6 cxd6 18. Nb5 Rad8 19. h4 gxf5 20. gxf5 Bh6+ 21. Kb1 Bg7 22. Rhg1 f6 23. h5 Kf7 24. Rc1 Rd7 25. Nc7 Rc8 26.
Ne6 Rxc1+ 27. Rxc1 Bh6 28. Rc8 b5 29. Kc2 b4 30. Ra8 Bf4 31. Rxa5 Rb7 32. b3 h6 33. Ra6 Ke7 34. a3 bxa3 35. Rxa3 Kd7 36. Kc3 Ke7 37.
b4 Kd7 38. Kc4 Bd2 39. b5 Kc8 40. Ra8+ Kd7 41. Rh8 Ke7 42. Rh7+ Ke8 43. Rxb7 1-0

[Event "Live Chess"]
[Site "Chess.com"]
[Date "2023.05.21"]
[Round "-"]
[White "MarkLim1"]
[Black "GMHarry-youtube"]
[Result "0-1"]
[WhiteElo "1682"]
[BlackElo "2042"]
[TimeControl "300"]
[EndTime "4:36:57 PDT"]
[Termination "GMHarry-youtube won by resignation"]

1. d4 Nf6 2. Nf3 g6 3. c4 Bg7 4. Nc3 d6 5. e4 O-O 6. Be2 e5 7.
d5 c5 8. Nd2 Nfd7 9. a3 f5 10.
O-O f4 11. Bg4 Nf6 12. Bxc8 Qxc8 13. b4 b6 14. Nb5 Rd8 15. f3 a6 16. Nc3 g5 17. Qb3 h5 18. a4 a5 19. bxa5 bxa5 20. Nb5 Na6 21. Rd1 Nb4 22. Nf1 g4 23. Bd2 h4 24.
Bxb4 axb4 25. a5 Ra6 26. Re1 h3 27. fxg4 Qxg4 28. Qf3 Qxf3 29. gxf3 Ne8 30. Kf2 Rda8 31. Nd2 Rxa5 32. Rxa5 Rxa5 33. Rg1 Ra2 34. Ke2 b3 35. Nc3 Rc2 36. Kd3 Nc7 37. Nxb3 Rg2 38. Ne2 Rxh2 39.
Na5 Rg2 40. Rxg2 hxg2 41. Kd2 Bf6 42. Ng1 Bh4 43. Ke2 Kg7 44. Nb7 Ne8 45. Nd8 Bxd8 0-1

[Event "Live Chess"]
[Site "Chess.com"]
[Date "2023.05.21"]
[Round "-"]
[White "hturner40"]
[Black "bedsdrout"]
[Result "1-0"]
[WhiteElo "1779"]
[BlackElo "569"]
[TimeControl "300"]
[EndTime "4:37:10 PDT"]
[Termination "hturner40 won by resignation"]

1. g3 e6 2. Bg2 Qe7 3. Nf3 Qb4 4. O-O Qc5 5. d4 Qh5 6. e4 Nf6 7. Nc3 Ng4 8. h3 Nf6 9. g4 Qh6 10. Bxh6 gxh6 11. e5 Bg7 12. exf6 Bxf6 13. Ne4 1-0

[Event "Live Chess"]
[Site "Chess.com"]
[Date "2023.05.21"]
[Round "-"]
[White "Sha_25"]
[Black "Pandreq"]
[Result "0-1"]
[WhiteElo "1138"]
[BlackElo "1236"]
[TimeControl "300"]
[EndTime "4:37:14 PDT"]
[Termination "Pandreq won by checkmate"]

1. d4 d5 2. c4 c6 3. Nc3 Nf6 4. Bg5 e6 5. e3 Be7 6. Nf3 h6 7. Bh4 Nbd7 8. Rc1 c5 9. cxd5 Nxd5 10. Bxe7 Nxe7 11. dxc5 Nxc5 12. Qxd8+ Kxd8 13. Bb5 Bd7 14. Bxd7 Nxd7 15. O-O Rc8 16. Rfd1 Rc7 17. Ne5 Ke8 18. Nb5 Rxc1 19. Rxc1 Nxe5 20. Nd6+ Kd7 21. Nxb7 Rb8 22.
Nc5+ Ke8 23. Nb3 Nd3 24. Rc3 Nxb2 25. Kf1 Nd5 26. Rc2 Na4 27. Ke2 Nac3+ 28. Kd3 Nxa2 29. Rxa2 Rxb3+ 30. Kc2 Rb7 31. Ra3 Rc7+ 32. Kd3 Nb4+ 33. Ke4 Nc2 34. Kf3 Kd7 35. Rd3+ Kc6 36. Rc3+ Kb6 37.
Rb3+ Ka5 38. Rb2 Ka4 39. Rb1 a5 40. Rc1 Nd4+ 41. exd4 Rxc1 42. Ke4 Rc4 43. Ke5 Kb5 44. Kd6 Rxd4+ 45. Ke7 Rf4 46. Kf8 Rxf2 47. Kxg7 Rxg2+ 48. Kxf7 Rxh2 49. Kxe6 Rg2 50. Kf5 h5 51. Kf4 h4 52.
Kf3 h3 53. Kf4 h2 54. Kf3 h1=Q 55. Kf4 Qh5 56. Ke4 Rg4+ 57. Ke3 Qh3+ 58. Kf2 Rg2+ 59. Ke1 Qh1# 0-1

[Event "Live Chess"]
[Site "Chess.com"]
[Date "2023.05.21"]
[Round "-"]
[White "WelshTiger"]
[Black "yeetpizza74"]
[Result "1-0"]
[WhiteElo "2313"]
[BlackElo "501"]
[TimeControl "300"]
[EndTime "4:37:22 PDT"]
[Termination "WelshTiger won by checkmate"]

1. e4 c6 2. d4 d5 3. f3 Nf6 4. e5 Nfd7 5. c4 dxc4 6. Bxc4 e6 7. Ne2 Bb4+ 8. Nbc3 Bxc3+ 9. bxc3 O-O 10. O-O f6 11. Bxe6+ Kh8 12. f4 fxe5 13. fxe5 Rxf1+ 14. Qxf1 Qe7 15. Bb3 c5 16. Be3 cxd4 17. cxd4 Nc6 18. Qf3 b6 19.
Qxc6 Ba6 20. Qxa8+ Qf8 21. Qxf8+ Nxf8 22. Nc3 b5 23. a4 b4 24. Nd5 Ne6 25. Nxb4 Bd3 26.
Bxe6 a6 27. Nxd3 a5 28. d5 g6 29. d6 g5 30. d7 g4 31. d8=Q+ Kg7 32. Qf6# 1-0

[Event "Live Chess"]
[Site "Chess.com"]
[Date "2023.05.21"]
[Round "-"]
[White "ossie57"]
[Black "matt1979"]
[Result "0-1"]
[WhiteElo "1906"]
[BlackElo "1545"]
[TimeControl "300"]
[EndTime "4:37:23 PDT"]
[Termination "matt1979 won by resignation"]

1. d4 f5 2. Nc3 Nf6 3. Bf4 e6 4.
e3 Bb4 5. a3 Bxc3+ 6. bxc3 Ne4 7. Qd3 O-O 8. f3 Nf6 9. h4 b6 10. Qd2 Bb7 11. h5 h6 12. Bc4 d5 13. Bd3 Nbd7 14. c4 c6 15. Ne2 Rc8 16. Ng3 Qe8 17. O-O-O c5 18. Kb2 cxd4 19. exd4 dxc4 20. c3 cxd3 21.
Qxd3 Bd5 22. Rhe1 Bc4 23. Qd2 Nb8 24. Re5 Nd5 25. Rxd5 exd5 26. Bxb8 Qb5+ 27. Ka1 Rxb8 28.
Qc2 Qb3 29. Qxb3 Bxb3 30. Rb1 Bc4 31. Re1 0-1

[Event "Live Chess"]
[Site "Chess.com"]
[Date "2023.05.21"]
[Round "-"]
[White "Doge_Dandolo"]
[Black "smoggyrabbit"]
[Result "1-0"]
[WhiteElo "1888"]
[BlackElo "1686"]
[TimeControl "300"]
[EndTime "4:37:40 PDT"]
[Termination "Doge_Dandolo won on time"]

1. Nf3 e6 2. c4 f5 3. g3 Nf6 4.
Bg2 d5 5. d3 c6 6. O-O Bd6 7.
Nc3 O-O 8. e4 fxe4 9. dxe4 Nxe4 10. Nxe4 dxe4 11. Ng5 e3 12. Bxe3 Be5 13. Qc2 g6 14.
Rad1 Qe7 15. Rfe1 Nd7 16. a3 Nf6 17. b4 Rd8 18. Rxd8+ Qxd8 19. Rd1 Qc7 20. Nf3 Ng4 21. Bg5 Bd7 22. h3 Nf6 23. Nxe5 Qxe5 24. Bxf6 Qxf6 25.
Rxd7 Rf8 26. Qd2 Qa1+ 27. Kh2 Qf6 28. f4 e5 29. fxe5 Qxe5 30. Rxb7 1-0

[Event "Live Chess"]
[Site "Chess.com"]
[Date "2023.05.21"]
[Round "-"]
[White "blunderabit"]
[Black "Sweet-O"]
[Result "1-0"]
[WhiteElo "1823"]
[BlackElo "1427"]
[TimeControl "300"]
[EndTime "4:37:42 PDT"]
[Termination "blunderabit won by resignation"]

1. e4 e5 2. Nf3 Nf6 3. d4 exd4 4. e5 Nd5 5. Qxd4 c6 6. Bc4 Qb6 7. Bxd5 Qxd4 8. Bxf7+ Kxf7 9. Nxd4 Bc5 10. Be3 Re8 11. O-O Rxe5 12. Nf3 Rd5 13. Nc3 Rh5 14. g4 Bxe3 15.
gxh5 Bc5 16. Ne4 Be7 17. Rfe1 d5 18. Neg5+ Bxg5 19. Nxg5+ Kf6 20. Nxh7+ Kf7 21. Ng5+ Kf6 22. h4 Bg4 23. Re8 Bxh5 24. Rh8 Bg6 25. c3 Ke7 26. Re1+ Kd7 27. Rg8 Bd3 28. Rxg7+ Kd6 29. Re6+ Kc5 30. Re8 Kb6 31. h5 a5 32. h6 Ka7 33. h7 Bxh7 34. Nxh7 Na6 35. Rxa8+ Kxa8 1-0

[Event "Live Chess"]
[Site "Chess.com"]
[Date "2023.05.21"]
[Round "-"]
[White "Mechhead7"]
[Black "DoYouLikeCurry"]
[Result "1-0"]
[WhiteElo "1774"]
[BlackElo "1424"]
[TimeControl "300"]
[EndTime "4:37:44 PDT"]
[Termination "Mechhead7 won by resignation"]

1. e4 c6 2. d4 d5 3. exd5 cxd5 4.
c4 e6 5. Nc3 Nf6 6. Nf3 g6 7.
Bg5 Bg7 8. c5 Nc6 9. a3 Bd7 10.
Qd2 O-O 11. Be2 Rc8 12. O-O Qc7 13. Bf4 Qd8 14. Rfe1 b6 15. b4 bxc5 16. bxc5 Re8 17. Ba6 Rb8 18. Bxb8 Qxb8 19. Nb5 Ne7 20. Nd6 Rd8 21.
Rab1 Qc7 22. Rb7 1-0

[Event "Live Chess"]
[Site "Chess.com"]
[Date "2023.05.21"]
[Round "-"]
[White "JoRoSaR"]
[Black "Crowded_House"]
[Result "1-0"]
[WhiteElo "1707"]
[BlackElo "1644"]
[TimeControl "300"]
[EndTime "4:37:46 PDT"]
[Termination "JoRoSaR won by checkmate"]

1. e4 e6 2. d4 d5 3. exd5 exd5 4. Bd3 Bd6 5. Ne2 Ne7 6. Bf4 O-O 7. O-O Bf5 8. Bxd6 Qxd6 9. Ng3 Bxd3 10. Qxd3 Nd7 11.
Nd2 c6 12. Rfe1 Rfe8 13. Re2 Ng6 14. Rae1 Kf8 15. Nf5 Qf6 16. g3 Rxe2 17. Rxe2 Re8 18. Ne3 Kg8 19. Qb3 b6 20. c3 h5 21. Qa4 Ra8 22. Nxd5 cxd5 23. Qxd7 h4 24. Qxd5 Rd8 25.
Qe4 hxg3 26. hxg3 Qg5 27. Nf3 Qb5 28. Kg2 Kf8 29. Ne5 Nxe5 30. Qxe5 Qxe5 31. Rxe5 Rd7 32. f4 f6 33. Re4 Kf7 34. Kf3 g6 35. g4 Kg7 36. c4 Kf7 37. b3 Kg7 38. d5 Kf7 39. Re6 Kg7 40. g5 fxg5 41. fxg5 Kf7 42. Ke4 Rb7 43.
Ke5 b5 44. d6 bxc4 45. bxc4 Rb2 46. d7 Re2+ 47. Kd5 Rxe6 48. d8=Q Re7 49. c5 Rb7 50. Kd6 Rb1 51. Qf6+ Ke8 52. Qe7# 1-0

[Event "Live Chess"]
[Site "Chess.com"]
[Date "2023.05.21"]
[Round "-"]
[White "1600x"]
[Black "zdanevych"]
[Result "0-1"]
[WhiteElo "1869"]
[BlackElo "1562"]
[TimeControl "300"]
[EndTime "4:38:24 PDT"]
[Termination "zdanevych won on time"]

1. e4 c5 2. Nf3 e6 3. Nc3 d5 4. exd5 exd5 5. Bb5+ Nc6 6. O-O a6 7. Bxc6+ bxc6 8. d4 Be6 9. Ne5 Qb6 10.
Na4 Qb5 11. Nc3 Qb7 12. Nf3 Nf6 13. Re1 Be7 14. b3 O-O 15. Ba3 cxd4 16. Bxe7 Qxe7 17. Nxd4 Qd6 18. Qe2 Rfe8 19. Qe5 Qb4 20. Nxc6 Qc5 21. Nd4 Qxc3 22. Qe3 Qxe3 23. fxe3 Ne4 24. Rf1 g6 25.
Rad1 Rac8 26. Rd3 Rc3 27. a4 Rxd3 28. cxd3 Nc5 29. h3 Nxd3 30. Nc6 Nc5 31. b4 Nxa4 32. Ra1 Nc3 33. Rxa6 Bd7 34. Nd4 Rb8 35. Ra3 Ne4 36. Ra5 Be6 37. b5 Nc3 38. b6 Rxb6 39. g4 Rb1+ 40. Kg2 Rb2+ 41. Kg1 Ne2+ 42. Kf1 Nxd4 43.
exd4 Rb1+ 44. Kf2 Rd1 45. Ra4 Rd2+ 46. Ke3 Rh2 47. Kf4 Rxh3 48. g5 Rh4+ 49. Ke5 Re4+ 50. Kd6 Rg4 51. Kc5 Rxg5 52. Kb4 Rg4 53. Kc5 Rf4 54.
Ra8+ Kg7 55. Ra2 h5 56. Rg2 Kf6 57. Rh2 Kf5 58. Rh1 h4 59. Rh2 g5 60. Rh1 Rf3 61. Re1 h3 62. Rxe6 fxe6 63. Kd6 h2 64. Kc5 h1=Q 65. Kc6 Qg2 66. Kd6 Rd3 67. Ke7 Qd2 0-1

[Event "Live Chess"]
[Site "Chess.com"]
[Date "2023.05.21"]
[Round "-"]
[White "TheSmoulderingMaster"]
[Black "booktrunk"]
[Result "1-0"]
[WhiteElo "1635"]
[BlackElo "1280"]
[TimeControl "300"]
[EndTime "4:38:24 PDT"]
[Termination "TheSmoulderingMaster won by checkmate"]

1. e4 d5 2. exd5 Qxd5 3. Nc3 Qe5+ 4. Be2 Bg4 5. d4 Qe6 6. d5 Qe5 7. Be3 Bxe2 8. Ngxe2 e6 9. O-O Bd6 10. Bf4 Qh5 11.
Bxd6 cxd6 12. dxe6 fxe6 13. Qxd6 Qf5 14. Nd4 Qf7 15.
Nxe6 Qd7 16. Qf8# 1-0

[Event "Live Chess"]
[Site "Chess.com"]
[Date "2023.05.21"]
[Round "-"]
[White "f4nomore"]
[Black "chessfiction"]
[Result "0-1"]
[WhiteElo "1385"]
[BlackElo "2311"]
[TimeControl "300"]
[EndTime "4:38:35 PDT"]
[Termination "chessfiction won by resignation"]

1. d4 d5 2. Bg5 h6 3. Bh4 Nc6 4. e3 g5 5. Bg3 Bg7 6. Nf3 Nf6 7.
Bd3 Bg4 8. Be2 Qd7 9. O-O O-O-O 10. Ne5 Nxe5 11. dxe5 Bxe2 12. Qxe2 Ne4 13. Nd2 Nxg3 14. fxg3 Bxe5 15. Rxf7 Bxb2 16. Raf1 Qe6 17. Nb3 d4 18. e4 Qb6 19. Kh1 e5 20. R7f6 c6 21. Qg4+ Kb8 22. h3 Ba3 23. Qf5 Qb5 24. Qg6 Rdg8 25.
Qf7 Rf8 26. Qe6 Qxf1+ 27. Rxf1 Rxf1+ 28. Kh2 Rhf8 29. Qxe5+ Ka8 30. Na5 Rb1 31. Nc4 Bb4 32. Qg7 a5 33. Nb6+ Ka7 34. Nd7 Rff1 35. g4 Bd6+ 36.
e5 Bc7 37. Qxh6 Rbe1 38. Qxg5 Rf7 39. Qd2 Re4 40. Qxa5+ Bxa5 0-1

[Event "Live Chess"]
[Site "Chess.com"]
[Date "2023.05.21"]
[Round "-"]
[White "YF22Raptor"]
[Black "LiamClery2020"]
[Result "0-1"]
[WhiteElo "1020"]
[BlackElo "2005"]
[TimeControl "300"]
[EndTime "4:38:50 PDT"]
[Termination "LiamClery2020 won by checkmate"]

1. e4 Nf6 2. Nc3 e5 3. Nf3 Nc6 4. d4 exd4 5. Nxd4 Bb4 6. Nxc6 bxc6 7. Bd3 O-O 8. Bd2 d5 9. O-O Bxc3 10. Bxc3 dxe4 11. Be2 Bf5 12. Qxd8 Raxd8 13. Rad1 Nd5 14. Bd4 a6 15. Bxa6 Nb4 16. Bc4 Nxc2 17. Bb3 Nxd4 18. Rfe1 Nxb3 19. axb3 Rfe8 20. Rc1 Re6 21. h3 Rd2 22. g4 Bg6 23. h4 h5 24. gxh5 Bxh5 25. Rb1 Bf3 26. Re3 Rg6+ 27. Kf1 Rgd6 28. Ree1 Rh6 29.
Re3 Rxh4 30. Rc3 Rh1# 0-1

[Event "Live Chess"]
[Site "Chess.com"]
[Date "2023.05.21"]
[Round "-"]
[White "HoarseyHorsey"]
[Black "stevefairhurst"]
[Result "1-0"]
[WhiteElo "1455"]
[BlackElo "585"]
[TimeControl "300"]
[EndTime "4:39:11 PDT"]
[Termination "HoarseyHorsey won by resignation"]

1. d4 d5 2. c4 c5 3. cxd5 cxd4 4. Qxd4 e6 5. Nc3 exd5 6. Qxd5 Be6 7. Qxd8+ Kxd8 8. Bf4 Nc6 9. Rd1+ Ke7 10. a3 b5 11.
Nxb5 Bb3 12. Rc1 Nd4 13. Nxd4 Rd8 14. Nxb3 Ke8 15. e3 Nf6 16. Bb5+ Ke7 17. Nf3 Ne4 18.
O-O Nd2 19. Rc7+ Kf6 20. Nfxd2 Bd6 21. Bxd6 Rxd6 22. Rxa7 Rhd8 23. Nd4 Ke5 24. N2f3+ Ke4 25. Bc6+ Kd3 26. Bb5+ Ke4 27. Rxf7 Rb6 28. Rxg7 Rc8 29. Rg4+ Kd5 30. Rd1 Kc5 31. Rg5+ Kd6 32. Rh5 h6 33. Rxh6+ Kc7 34. Rxb6 Kxb6 35. h4 Kc7 36. Rc1+ Kd8 37. Rxc8+ Kxc8 38. h5 1-0

[Event "Live Chess"]
[Site "Chess.com"]
[Date "2023.05.21"]
[Round "-"]
[White "LiamBellwood"]
[Black "Twickenham2014"]
[Result "1-0"]
[WhiteElo "1906"]
[BlackElo "2263"]
[TimeControl "300"]
[EndTime "4:39:18 PDT"]
[Termination "LiamBellwood won by resignation"]

1. d4 d5 2. Nc3 Nf6 3. Bf4 e6 4. Nb5 Bb4+ 5. c3 Ba5 6. b4 Bb6 7. a4 a6 8. a5 axb5 9. axb6 Rxa1 10. Qxa1 cxb6 11. Bxb8 O-O 12. Nf3 Ne4 13. Bg3 g5 14.
e3 h5 15. h4 g4 16. Ne5 Nxg3 17. fxg3 f6 18. Ng6 Rf7 19. Bxb5 e5 20. O-O Kg7 21. Qb1 Qc7 22. dxe5 Qxc3 23. exf6+ Rxf6 24. Rxf6 Qxe3+ 25. Rf2 1-0

[Event "Live Chess"]
[Site "Chess.com"]
[Date "2023.05.21"]
[Round "-"]
[White "wot-not"]
[Black "Abde2012"]
[Result "1-0"]
[WhiteElo "1552"]
[BlackElo "752"]
[TimeControl "300"]
[EndTime "4:39:23 PDT"]
[Termination "wot-not won by resignation"]

1. e4 c6 2. f4 d5 3. e5 Bf5 4.
Nf3 e6 5. d4 Bb4+ 6. c3 Ba5 7.
Bd3 a6 8. Bxf5 exf5 9. Qd3 Ne7 10. O-O Bb6 11. Bd2 Ba7 12. Be1 Nd7 13. Bh4 O-O 14. Bxe7 Qxe7 15. Qxf5 f6 16. e6 Nb6 17.
Nbd2 g6 18. Qh3 f5 19. Rae1 Bb8 20. Ng5 Rf6 21. Nb3 Rxe6 22. Rxe6 1-0